AoeStats
← Tenamaxtli

Arena

509014707Analyzed
4v4 RM · 8d ago on Sep 25, 2026· 46m 52s· 8 players
Game mode
Random Map
Map size
Large (8 player)
Population
200
Speed
Normal
Resources
Standard
Victory
Conquest
Starting age
Dark Age
Ending age
Imperial Age
RankedLock teamsTeams togetherTeam positionsShared explorationLock speedFull tech treeHidden civsTurbo modeCheats
Victory
Defeat
🇲🇽 Danes · Mexico
1230
+10
🇲🇽 Malay · Mexico
1187
+11
🇲🇽 Khmer · Mexico
1064
+16
🇲🇽 Inca · Mexico
1047
+17
🇹🇼 Burgundians · Taiwan
1103
-15
🇺🇸 Franks · United States
1089
-14
🇹🇼 Turks · Taiwan
1079
-14
🇺🇸 Khmer · United States
1023
-11
Mpower
9:17 Feudal Age
13:23 Castle Age
11:49 Horse Collar
12:25 Double-Bit Axe
16:05 Loom
20:28 Heavy Plow
23:29 Wheelbarrow
22:41 Town Watch
24:33 Stone Mining
24:36 Gold Mining
26:04 Hand Cart
27:17 Pikeman
28:50 Ballistics
28:26 Murder Holes
29:19 Elite Skirmisher
32:05 Masonry
32:40 Fletching
33:01 Forging
35:25 Imperial Age
33:44 Bodkin Arrow
35:13 Iron Casting
36:12 Bracer
36:33 Bloodlines
36:24 Husbandry
35:45 Cavalier
43:20 Chemistry
41:46 Heavy Scorpion
Amby
12:01 Feudal Age
13:19 Double-Bit Axe
16:08 Castle Age
20:33 Imperial Age
17:57 Horse Collar
18:57 Bow Saw
20:32 Wheelbarrow
28:19 Gold Mining
Lama_drama
11:25 Feudal Age
15:29 Castle Age
15:07 Double-Bit Axe
16:49 Bow Saw
23:06 Wheelbarrow
25:28 Hand Cart
26:52 Bow Saw
27:29 Forging
30:20 Imperial Age
28:53 Gold Mining
29:21 Bow Saw
30:26 Cavalier
32:15 Iron Casting
31:46 Scale Barding Armor
32:13 Paladin
39:01 Gold Shaft Mining
40:49 Elite Skirmisher
42:12 Fletching
43:22 Blast Furnace
42:43 Chain Barding Armor
42:23 Padded Archer Armor
43:02 Scale Mail Armor
bubu09
6:10 Double-Bit Axe
10:40 Feudal Age
15:18 Castle Age
14:13 Bow Saw
15:27 Gold Mining
17:19 Husbandry
16:40 Cavalier
17:37 Forging
20:07 Wheelbarrow
30:15 Scale Barding Armor
37:16 Two-Man Saw
40:57 Iron Casting
40:58 Horse Collar
lord_hect
10:30 Feudal Age
15:10 Castle Age
18:01 Double-Bit Axe
17:57 Horse Collar
20:09 Bow Saw
20:40 Heavy Plow
24:16 Scale Mail Armor
25:00 Loom
25:53 Wheelbarrow
27:50 Chain Mail Armor
27:46 Forging
29:00 Hand Cart
28:09 Elite Skirmisher
33:56 Imperial Age
32:05 Iron Casting
32:59 Squires
32:45 Arson
33:27 Fletching
33:38 Padded Archer Armor
34:21 Thumb Ring
34:17 Bodkin Arrow
34:02 Elite Kamayuk
35:03 Conscription
36:18 Plate Mail Armor
37:32 Blast Furnace
37:47 Andean Sling
38:45 Bracer
39:41 Leather Archer Armor
40:43 Hoardings
41:24 Ballistics
42:05 Chemistry
41:13 Siege Engineers
41:04 Murder Holes
40:50 Treadmill Crane
41:20 Masonry
42:10 Ring Archer Armor
42:44 Fabric Shields
44:08 Town Watch
47:26 Town Patrol
Tiiiian
10:51 Feudal Age
11:23 Feudal Age
11:39 Loom
14:10 Castle Age
12:09 Double-Bit Axe
12:28 Horse Collar
17:05 Bow Saw
20:39 Wheelbarrow
22:27 Gold Mining
23:26 Stone Mining
25:22 Heavy Plow
25:14 Fletching
28:36 Imperial Age
26:28 Bodkin Arrow
26:31 Crossbowman
27:50 Padded Archer Armor
28:18 Ballistics
29:10 Chemistry
28:20 Bracer
28:45 Thumb Ring
29:06 Arbalester
31:48 Siege Engineers
34:06 Man-at-Arms
34:46 Squires
35:34 Pikeman
36:00 Arson
40:09 Conscription
39:14 Long Swordsman
39:59 Thalassocracy
41:01 Treadmill Crane
Tenamaxtli
10:00 Feudal Age
14:14 Castle Age
12:35 Double-Bit Axe
14:02 Horse Collar
15:53 Loom
16:51 Scale Mail Armor
18:41 Chain Mail Armor
22:41 Forging
24:32 Gambesons
24:33 Arson
25:36 Iron Casting
27:32 Wheelbarrow
28:25 Squires
41:53 Imperial Age
44:56 Plate Mail Armor
46:23 Elite Jomsviking
Carlos
11:15 Feudal Age
11:53 Double-Bit Axe
20:13 Castle Age
18:31 Fletching
20:05 Padded Archer Armor
22:51 Crossbowman
26:34 Bodkin Arrow
27:50 Wheelbarrow
28:36 Ballistics
28:39 Leather Archer Armor
32:30 Hand Cart
34:36 Loom
39:06 Imperial Age
39:28 Scale Mail Armor
40:12 Arbalester
42:03 Bracer
45:54 Fortified Wall
45:40 Murder Holes
Connection lost

Rejoining the realm…

Still unreachable

The connection could not be restored.

Session expired

The server has moved on; the page needs a fresh start.